 Dungeon Crawl Stone Soup version 0.21.0-3-g78d12a8 (webtiles) character file.

333 wojtek the Cleaver (level 6, -1/51 HPs)
             Began as a Minotaur Fighter on Jan 14, 2018.
             Killed by divine providence
             ... invoked by an orc priest
              (10 damage)
             ... on level 4 of the Dungeon.
             The game lasted 00:03:44 (2637 turns).

wojtek the Cleaver (Minotaur Fighter)               Turns: 2637, Time: 00:03:45

Health: -1/51      AC:  6    Str: 23    XL:     6   Next: 27%
Magic:  5/5        EV:  7    Int:  5    God:
Gold:   113        SH:  9    Dex:  9    Spells: 5/5 levels left

rFire    . . .     SeeInvis .   a - +0 war axe
rCold    . . .     Gourm    .   c - +0 shield
rNeg     . . .     Faith    .   b - +0 scale mail
rPois    .         Spirit   .   (helmet restricted)
rElec    .         Reflect  .   (no cloak)
rCorr    .         Harm     .   (no gloves)
MR       .....                  (no boots)
Stlth    ..........             (no amulet)
HPRegen  0.17/turn              (no ring)
MPRegen  0.09/turn              (no ring)

@: no status effects
A: retaliatory headbutt, horns 2
a: no special abilities


You were on level 4 of the Dungeon.
You were hungry.

You visited 1 branch of the dungeon, and saw 4 of its levels.

You collected 113 gold pieces.

Inventory:

Hand Weapons
 a - a +0 war axe (weapon)
Missiles
 i - 6 tomahawks of returning (quivered)
Armour
 b - a +0 scale mail (worn)
 c - a +0 shield (worn)
Jewellery
 l - an uncursed amulet of the gourmand {unknown}
Wands
 j - a wand of acid (7)
 r - a wand of random effects (27)
Scrolls
 e - 3 scrolls of identify {unknown}
 h - a scroll of teleportation {unknown}
 o - a scroll of enchant weapon {unknown}
Potions
 d - 2 potions of might
 g - a potion of resistance {unknown}
 k - a potion of mutation {unknown}
 m - a potion of heal wounds {unknown}
 n - 3 potions of curing {unknown}
 p - a potion of magic {unknown}
 q - 2 potions of flight {unknown}
 t - a potion of agility {unknown}
Books
 s - Lom Lobon's Tome of Dislocation
   (You found it on level 4 of the Dungeon)

   Spells                             Type                      Level
   a - Shroud of Golubria             Charms/Translocation         2
   b - Blink                          Translocation                2
   c - Teleport Other                 Translocation                3
   d - Summon Forest                  Summoning/Translocation      5
   e - Disjunction                    Translocation                8
Comestibles
 f - 4 rations


   Skills:
 - Level 3.6 Fighting
 * Level 8.1 Axes
 - Level 3.6 Armour
 - Level 3.6 Shields


You had 5 spell levels left.
You didn't know any spells.

Dungeon Overview and Level Annotations

Branches:
Dungeon (4/15)
 Temple: D:4-7

Altars:

Annotations:
D:1 lava


Innate Abilities, Weirdness & Mutations

You reflexively headbutt those who attack you in melee.
You have a pair of horns on your head.


Message History

You barely miss something. You headbutt something.
Reactivating autopickup.
Your Axes skill gained 2 levels and is now at level 8!
You have reached level 6!
Your experience leads to an increase in your attributes!
Increase (S)trength, (I)ntelligence, or (D)exterity?
You feel stronger.
You feel a bit more experienced.
q - 2 yellow potions (gained 1)
Things that are here:
a scythe; a robe There isn't anything to butcher here.
You hear the slow rusting of a distant drain.
Found 14 gold pieces.
Found 4 gold pieces.
A river rat, 4 orcs, an orc priest and 2 orc wizards come into view.
The orc shouts! x2; The orc wizard shouts!
The orc priest invokes the aid of Beogh against you.
Beogh smites you!
You die...

..o.....# #...#
.8o..8..## #.#.#
.o.......# #...#
o.o......# #.#.#
..o.....$#####≈ #.#.#
.8...8.......r#
#...##
...o...........
#....#########@#
#)............#
#.........###.#
####....####..$....
..............##.##.#
.................. #
..............##.#
##............##.#
#.#...#.####.. ..


You could see an orc priest, 2 orc wizards, a river rat and 4 orcs.

Vanquished Creatures
  Sigmund (D:4)
  2 orc priests (D:3)
  Robin (D:3)
  4 adders
  A dart slug (D:2)
  The ghost of p0werm0de the Grave Robber, a weakling VSNe (D:3)
  2 leopard geckos
  2 orcs (D:3)
  4 ball pythons
  9 bats
  2 giant cockroaches
  7 goblins
  8 hobgoblins
  10 kobolds
  5 quokkas
  4 frilled lizards
  10 rats
73 creatures vanquished.

Notes
Turn   | Place    | Note
-------+----------+-------------------------------------------
     0 | D:1      | wojtek the Minotaur Fighter began the quest for the Orb.
     0 | D:1      | Reached XP level 1. HP: 19/19 MP: 0/0
   236 | D:1      | Reached skill level 3 in Axes
   297 | D:1      | Reached XP level 2. HP: 24/26 MP: 1/1
   833 | D:2      | Reached skill level 4 in Axes
   900 | D:2      | Reached XP level 3. HP: 29/31 MP: 2/2
  1145 | D:2      | Reached skill level 5 in Axes
  1151 | D:2      | Reached XP level 4. HP: 16/39 MP: 3/3
  1565 | D:3      | Noticed p0werm0de's ghost (weakling VSNe)
  1593 | D:3      | Reached skill level 6 in Axes
  1691 | D:3      | Reached XP level 5. HP: 6/45 MP: 4/4
  1972 | D:3      | Killed p0werm0de's ghost
  2231 | D:3      | Noticed Robin
  2240 | D:3      | Killed Robin
  2553 | D:4      | Identified Lom Lobon's Tome of Dislocation
  2603 | D:4      | Noticed Sigmund
  2623 | D:4      | Killed Sigmund
  2623 | D:4      | Reached skill level 8 in Axes
  2623 | D:4      | Reached XP level 6. HP: 7/51 MP: 5/5
  2637 | D:4      | Killed from afar by an orc priest

Skill      XL: |  1  2  3  4  5 |
---------------+----------------+-----
Axes           | 3 4 5 6 8 |  8.1
Fighting       | |  3.6
Armour         | |  3.6
Shields        | |  3.6

Action                   |  1- 3 |  4- 6 || total
-------------------------+-------+-------++-------
Melee: War axe           |    74 |    78 ||   152
       Headbutt          |     7 |    10 ||    17
  Eat: Chunk             |     1 |     4 ||     5
Armor: Scale mail        |    37 |    20 ||    57
Dodge: Dodged            |    42 |    19 ||    61
Block: Shield            |    42 |    32 ||    74
